[Event "Titled Tuesday Blitz April 11 Early 2023"]
[White "Szyszylo, Rafal"]
[Black "Nugumanov, Bakhtiyar"]
[WhiteFideId "1109626"]
[BlackFideId "13701797"]
[WhiteElo "1951"]
[BlackElo "2209"]
[Result "0-1"]
[Round "09"]
[TimeControl "180+2"]
[Date "2023.04.11"]
[WhiteClock "0:00:07"]
[BlackClock "0:00:30"]

1. e4 e6 2. d4 d5 3. e5 c5 4. c3 Nc6 5. Nf3 Bd7 6. Be2 Nge7 7. Na3 cxd4 8. cxd4 Nf5 9. Nc2 Qb6 10. O-O Rc8 11. Rb1 Nb4 12. Nxb4 Bxb4 13. g4 Ne7 14. a3 Bxa3 15. Be3 Bb4 16. Qb3 O-O 17. Bd3 a5 18. Ng5 h6 19. Nh7 Rfd8 20. Qd1 Bb5 21. Nf6+ gxf6 22. exf6 Ng6 23. Bxh6 Bxd3 24. Qxd3 e5 25. dxe5 Rc4 26. Qf5 Qd4 27. h3 Qxe5 28. Qf3 Nh4 29. Qg3 Qxg3+ 30. fxg3 Ng6 31. Bg7 d4 32. Rbd1 d3 33. h4 Rc2 34. Rf3 Ne5 35. Re3 Bc5 36. Bh6 Bxe3+ 37. Bxe3 Re2 38. Bf4 Nxg4 39. Kf1 Ne3+ 40. Bxe3 Rxe3 41. Kf2 Re2+ 42. Kf3 Rxb2 43. g4 d2 44. g5 Rc2 45. h5 Rc1 46. Ke2 Rxd1 47. Kxd1 a4 48. g6 a3 49. h6 fxg6 50. h7+ Kxh7 51. f7 a2 52. f8=Q a1=Q+ 53. Ke2 d1=Q+ 0-1


[Site "https://www.chess.com"]

[Event "Titled Tuesday Blitz April 11 Early 2023"]
[White "Kiseleva, Arina"]
[Black "Van Osch, Mees"]
[WhiteFideId "4164989"]
[BlackFideId "1035967"]
[WhiteElo "1708"]
[BlackElo "2324"]
[Result "0-1"]
[Round "09"]
[TimeControl "180+2"]
[Date "2023.04.11"]
[WhiteClock "0:00:01"]
[BlackClock "0:00:08"]

1. d4 d6 2. Nf3 Nf6 3. c4 c5 4. d5 b5 5. cxb5 a6 6. b6 g6 7. Nc3 Bg7 8. Nd2 e6 9. dxe6 Bxe6 10. e4 O-O 11. Nc4 d5 12. exd5 Nxd5 13. Nxd5 Bxd5 14. Be3 Re8 15. Qc2 Nc6 16. O-O-O Nb4 17. Qb3 Qd7 18. Bxc5 a5 19. a4 Rac8 20. Bxb4 axb4 21. Qxb4 Qe6 22. b3 Bf8 23. Qc3 Bh6+ 24. Kb1 Qf5+ 25. Bd3 Qxf2 26. Rhf1 Qc5 27. Qf6 Bg7 28. Qf2 Bd4 29. Qc2 Qb4 30. Be2 Qc5 31. Rxd4 Qxd4 32. Rd1 Qc5 33. Bf3 Bxf3 34. gxf3 Rc6 35. b7 Rb8 36. Qd2 Rxb7 37. Ka2 Qf8 38. Qd8 Qxd8 39. Rxd8+ Kg7 40. Na5 Re6 41. Nxb7 Re2+ 42. Ka3 Rxh2 43. a5 Rh1 44. Kb4 Ra1 45. Kb5 h5 46. b4 h4 47. Rd4 g5 48. a6 h3 49. Na5 h2 50. a7 h1=Q 51. a8=Q Qf1+ 52. Kb6 Qf2 53. Qd8 Rd1 0-1


[Site "https://www.chess.com"]

[Event "Titled Tuesday Blitz April 11 Early 2023"]
[White "Okike, David"]
[Black "Einarsson, Halldor Gretar"]
[WhiteFideId "8500134"]
[BlackFideId "2300150"]
[WhiteElo "2232"]
[BlackElo "2142"]
[Result "1-0"]
[Round "09"]
[TimeControl "180+2"]
[Date "2023.04.11"]
[WhiteClock "0:00:07"]
[BlackClock "0:00:01"]

1. e4 c5 2. Nf3 Nc6 3. d4 cxd4 4. Nxd4 Nf6 5. Nc3 e5 6. Ndb5 d6 7. Bg5 a6 8. Na3 b5 9. Bxf6 gxf6 10. Nd5 f5 11. c3 Bg7 12. exf5 Bxf5 13. Nc2 O-O 14. Be2 Ne7 15. Nce3 Bg6 16. O-O f5 17. f4 Kh8 18. Kh1 Nxd5 19. Nxd5 Bf7 20. Bf3 e4 21. Be2 Rb8 22. Qd2 b4 23. Nxb4 Qb6 24. Bxa6 Qa5 25. Be2 d5 26. a3 Qb6 27. Rad1 Rfd8 28. Qe1 d4 29. cxd4 Rxd4 30. Rb1 Qd6 31. Qh4 Rd2 32. Bh5 Bc4 33. Rfc1 Bb5 34. Qg5 Qf6 35. Qxf6 Bxf6 36. b3 e3 37. Bf3 Rbd8 38. Re1 e2 39. h3 Bc3 40. Kh2 R2d4 41. Rxe2 Bxe2 42. Bxe2 Rxf4 43. Bc4 Be5 44. Kg1 Rfd4 45. Nc6 Rd1+ 46. Kf2 R8d2+ 47. Ke3 Bd4+ 48. Nxd4 Rxd4 49. Rb2 Re4+ 50. Kf2 Rde1 51. a4 R1e3 52. a5 f4 53. a6 Re7 54. Rd2 Ra7 55. Rd6 Kg7 56. Rb6 Ree7 57. Kf3 Red7 58. Kxf4 Re7 59. h4 Rec7 60. h5 Re7 61. g4 1-0


[Site "https://www.chess.com"]

[Event "Titled Tuesday Blitz April 11 Early 2023"]
[White "rionelG"]
[Black "Alice, Mateus Felizardo Viageiro"]
[BlackFideId "14800047"]
[WhiteElo "2175"]
[BlackElo "2189"]
[Result "0-1"]
[Round "09"]
[TimeControl "180+2"]
[Date "2023.04.11"]
[WhiteClock "0:00:01"]
[BlackClock "0:01:16"]

1. e4 c5 2. g3 d6 3. Bg2 Nc6 4. Ne2 Nf6 5. c3 e6 6. d4 cxd4 7. cxd4 Be7 8. Nbc3 O-O 9. O-O a6 10. h3 Na5 11. b3 Rb8 12. Be3 b5 13. Qd2 Bb7 14. d5 e5 15. f4 Nd7 16. Rac1 Bf6 17. Nd1 Re8 18. Nf2 Ba8 19. Rc2 exf4 20. gxf4 Bh4 21. Nd4 Nf6 22. Qd3 Qd7 23. Nc6 Nxc6 24. dxc6 Bxc6 25. Rxc6 Qxc6 26. e5 d5 27. exf6 Bxf2+ 28. Bxf2 Qxf6 29. Bxd5 Rbd8 30. Qf3 Qf5 31. Bc6 Re6 32. Bb7 Rd3 33. Qg4 Rg6 34. Bf3 Rxf3 35. Rd1 Rxg4+ 0-1


[Site "https://www.chess.com"]

[Event "Titled Tuesday Blitz April 11 Early 2023"]
[White "Dahlgren, James Allen"]
[Black "Matveeva, Olga"]
[WhiteFideId "22256873"]
[BlackFideId "24107018"]
[WhiteElo "2178"]
[BlackElo "2056"]
[Result "1-0"]
[Round "09"]
[TimeControl "180+2"]
[Date "2023.04.11"]
[WhiteClock "0:00:20"]
[BlackClock "0:01:34"]

1. e4 e6 2. d4 d5 3. e5 c5 4. c3 Nc6 5. Nf3 Qb6 6. a3 Nh6 7. b4 cxd4 8. cxd4 Nf5 9. Bb2 Bd7 10. g4 Nfe7 11. Nc3 h5 12. g5 Na5 13. Na4 Qc6 14. b5 Qc8 15. Rc1 Qd8 16. Nc5 Nc4 17. Bxc4 dxc4 18. Nxb7 Qb6 19. Nd6+ Kd8 20. Nxf7+ Ke8 21. Nxh8 Bxb5 22. Bc3 Rd8 23. Nh4 Qc6 24. Qxh5+ Kd7 25. O-O Nd5 26. Nf7 Rb8 27. Qf3 Bxa3 28. Ra1 1-0


[Site "https://www.chess.com"]

[Event "Titled Tuesday Blitz April 11 Early 2023"]
[White "Vargas Rodriguez, Wilver"]
[Black "Rodriguez Santiago, Jaime"]
[WhiteFideId "3509672"]
[BlackFideId "3100898"]
[WhiteElo "2224"]
[BlackElo "2025"]
[Result "0-1"]
[Round "09"]
[TimeControl "180+2"]
[Date "2023.04.11"]
[WhiteClock "0:00:01"]
[BlackClock "0:00:59"]

1. e4 c6 2. Nc3 d5 3. d3 dxe4 4. dxe4 Qxd1+ 5. Nxd1 e5 6. Nf3 Nd7 7. Bc4 h6 8. O-O Ngf6 9. Re1 Bc5 10. Be3 Bb4 11. c3 Bd6 12. Bd2 b5 13. Bb3 Bb7 14. a4 a6 15. axb5 cxb5 16. Bc2 O-O 17. b4 Rfc8 18. Bd3 Nb6 19. Nb2 Rc6 20. Be3 Nfd7 21. Rec1 Rac8 22. Nd2 Rxc3 23. Rxc3 Rxc3 24. Nb1 Rc8 25. Bd2 Nf6 26. f3 Nc4 27. Bc3 Bb8 28. Nxc4 bxc4 29. Bc2 Ba7+ 30. Kf1 Bd4 31. Ra2 Nh5 32. g3 Nf6 33. Ke2 Nd7 34. Ra3 Nb6 35. Ra5 Rd8 0-1


[Site "https://www.chess.com"]

[Event "Titled Tuesday Blitz April 11 Early 2023"]
[White "Eggleston, Thomas A"]
[Black "Tarnowska, Aleksandra"]
[WhiteFideId "412139"]
[BlackFideId "1180967"]
[WhiteElo "2155"]
[BlackElo "1776"]
[Result "1/2-1/2"]
[Round "09"]
[TimeControl "180+2"]
[Date "2023.04.11"]
[WhiteClock "0:01:26"]
[BlackClock "0:00:05"]

1. e4 c5 2. Nf3 e6 3. g3 d6 4. Bg2 Nf6 5. Qe2 Nc6 6. O-O Be7 7. Rd1 O-O 8. d4 cxd4 9. Nxd4 e5 10. Nxc6 bxc6 11. c4 Ba6 12. b3 d5 13. exd5 cxd5 14. Qxe5 Ng4 15. Qb2 Bf6 16. Nc3 d4 17. Ne4 Rb8 18. Bf4 Bxc4 19. Nxf6+ Qxf6 20. Bxb8 Rxb8 21. Qxd4 Qxd4 22. Rxd4 Be6 23. Rad1 Kf8 24. Rd8+ Rxd8 25. Rxd8+ Ke7 26. Ra8 a5 27. Rxa5 Nf6 28. Rc5 Nd7 29. Rc7 Kd6 30. Ra7 Kc5 31. f4 Kb4 32. Bc6 Nc5 33. f5 Bxf5 34. Rxf7 g6 35. Rxh7 Nd3 36. Rf7 Nc1 37. Rxf5 gxf5 38. h4 Nxa2 39. h5 Nc3 40. h6 Ne2+ 41. Kf2 Nd4 42. h7 Nxc6 43. h8=Q Kxb3 44. Qf6 Nb4 45. Qxf5 Kc4 46. Qf4+ Kc3 47. Qxb4+ Kxb4 48. Kf3 Kc5 49. Kf4 Kd6 50. Kf5 Ke7 51. g4 Kf7 52. g5 Kg7 53. Kf4 Kg6 54. Kg4 Kg7 55. Kf5 Kf7 56. g6+ Kg7 57. Kg5 Kg8 58. Kf6 Kf8 59. g7+ Kg8 60. Kg6 1/2-1/2


[Site "https://www.chess.com"]

[Event "Titled Tuesday Blitz April 11 Early 2023"]
[White "Munro, Allan"]
[Black "Prudnykova, Olga"]
[WhiteFideId "7700245"]
[BlackFideId "14121093"]
[WhiteElo "2084"]
[BlackElo "2113"]
[Result "0-1"]
[Round "09"]
[TimeControl "180+2"]
[Date "2023.04.11"]
[WhiteClock "0:00:07"]
[BlackClock "0:00:07"]

1. d4 Nf6 2. Bg5 c5 3. d5 Ne4 4. h4 h6 5. Bf4 Qb6 6. Nd2 Nxd2 7. Bxd2 d6 8. e4 Nd7 9. a4 g6 10. Bc3 Nf6 11. a5 Qc7 12. Bb5+ Bd7 13. Qe2 Bg7 14. Nf3 O-O 15. Bxd7 Qxd7 16. Nd2 b6 17. a6 b5 18. b3 Rab8 19. O-O h5 20. Bb2 Rb6 21. Ra5 Rfb8 22. Rfa1 Bh6 23. Nf1 Ng4 24. f3 Nf6 25. Kh2 Bg7 26. g3 Ng4+ 27. fxg4 Bxb2 28. R1a2 Bc3 29. gxh5 gxh5 30. Qxh5 Bxa5 31. Rxa5 e6 32. Ne3 Qe7 33. Ra1 Qf6 34. Rf1 Qg6 35. Qf3 Rxa6 36. h5 Qg7 37. Ng4 Ra2 38. Rf2 b4 39. Qf4 Rd8 40. Nf6+ Kh8 41. h6 Qg6 42. dxe6 fxe6 43. Ng4 e5 44. Qf3 Rg8 45. Kh3 Qg5 46. Qf6+ Qxf6 47. Nxf6 Rf8 48. g4 Rxf6 49. Rxf6 Rxc2 50. Rxd6 c4 51. bxc4 Rxc4 52. g5 Rxe4 53. g6 Rd4 54. Ra6 Rd8 55. Rxa7 Rb8 56. Ra2 b3 57. Rb2 Rb6 58. g7+ Kh7 59. Rg2 Rxh6+ 60. Kg4 Rg6+ 61. Kf5 Rxg2 0-1


[Site "https://www.chess.com"]

[Event "Titled Tuesday Blitz April 11 Early 2023"]
[White "Kula, Robert"]
[Black "Cramling Bellon, Anna"]
[WhiteFideId "1101218"]
[BlackFideId "32009232"]
[WhiteElo "2180"]
[BlackElo "1972"]
[Result "1-0"]
[Round "09"]
[TimeControl "180+2"]
[Date "2023.04.11"]
[WhiteClock "0:01:33"]
[BlackClock "0:00:01"]

1. e4 c5 2. Nf3 e6 3. d4 cxd4 4. Nxd4 Nf6 5. Nc3 Nc6 6. Be3 Bb4 7. f3 d5 8. Bb5 Bd7 9. Bxc6 bxc6 10. e5 Ng8 11. a3 Bxc3+ 12. bxc3 Qc7 13. f4 Ne7 14. Nb3 Nf5 15. Bf2 O-O 16. O-O f6 17. Bd4 fxe5 18. fxe5 a5 19. Nc5 a4 20. Rb1 Rab8 21. Rxb8 Rxb8 22. Nxa4 Nxd4 23. cxd4 Qa5 24. Nc5 Rd8 25. a4 Qc3 26. Rf3 Qc4 27. Qd3 Qxd3 28. Rxd3 Bc8 29. Rb3 Rf8 30. Rb6 Kf7 31. Rxc6 Ke7 32. Rc7+ Kd8 33. Rxg7 1-0


[Site "https://www.chess.com"]

[Event "Titled Tuesday Blitz April 11 Early 2023"]
[White "Alahakoon, Isuru"]
[Black "NtcPou"]
[WhiteFideId "9900993"]
[WhiteElo "1995"]
[BlackElo "1989"]
[Result "0-1"]
[Round "09"]
[TimeControl "180+2"]
[Date "2023.04.11"]
[WhiteClock "0:00:01"]
[BlackClock "0:00:05"]

1. Nf3 d5 2. e3 Nf6 3. c4 c6 4. d4 a6 5. Nc3 Bf5 6. cxd5 cxd5 7. Ne5 h5 8. Qb3 Ra7 9. Be2 e6 10. O-O Nfd7 11. Rd1 f6 12. Nf3 Nc6 13. Nh4 Na5 14. Qa4 b5 15. Bxb5 axb5 16. Nxb5 Ra8 17. Nxf5 exf5 18. Bd2 Nb7 19. Qxa8 Qxa8 20. Nc7+ Kf7 21. Nxa8 Bd6 22. Bb4 Rxa8 23. Bxd6 Nxd6 24. Rdc1 Nb5 25. a4 Nd6 26. Rc7 Ke6 27. b4 g5 28. a5 Nc4 29. Rc6+ Ke7 30. a6 Ra7 31. b5 Ndb6 32. Kf1 h4 33. Ke2 g4 34. Kd3 Nd7 35. Rxc4 dxc4+ 36. Kxc4 Kd6 37. Kb4 Nb6 38. Rc1 Rc7 39. Ra1 Ra7 40. Ra2 Nd5+ 41. Ka5 Nc7 42. Rc2 Ra8 43. Rc6+ Kd7 44. Rxf6 Nd5 45. Rxf5 Nc3 46. Rh5 Rb8 47. Rh7+ Kd6 48. b6 Kc6 49. b7 Nd5 50. Rxh4 Nc7 51. Rh6+ Kd5 52. a7 Rxb7 53. Rh5+ Kc4 54. a8=Q Rb5+ 0-1


[Site "https://www.chess.com"]

[Event "Titled Tuesday Blitz April 11 Early 2023"]
[White "Jaivardhan Raj"]
[Black "sebastianmarinp"]
[WhiteFideId "25744437"]
[WhiteElo "1772"]
[BlackElo "2282"]
[Result "1-0"]
[Round "09"]
[TimeControl "180+2"]
[Date "2023.04.11"]
[WhiteClock "0:00:27"]
[BlackClock "0:00:02"]

1. e4 e5 2. d4 exd4 3. Qxd4 Nc6 4. Qe3 Nf6 5. Nc3 Bb4 6. Bd2 O-O 7. O-O-O Re8 8. f3 d5 9. Qf2 dxe4 10. Bg5 Qe7 11. Nd5 Qe5 12. Bxf6 gxf6 13. fxe4 Re6 14. Qg3+ Qxg3 15. hxg3 Bd6 16. Rh4 Ne7 17. Bc4 Nxd5 18. Bxd5 Re8 19. Ne2 f5 20. Rdh1 fxe4 21. Rxh7 Re5 22. Bxf7+ Kf8 23. Bb3 Rg5 24. Rh8+ Ke7 25. R1h7+ Kf6 26. Rf7+ Kg6 27. Rg8+ Kh5 28. Rh7+ Kg4 29. Rh4+ Kf5 30. Nd4+ Ke5 31. Rxg5+ Kxd4 32. Rd5+ Ke3 33. Rg5 Bd7 34. Bd5 Re8 35. Bxb7 c6 36. Rh7 Be6 37. Bxc6 Rc8 38. Bd7 Bxd7 39. Rxd7 Rc6 40. Rg6 Ke2 41. Rgxd6 1-0


[Site "https://www.chess.com"]

[Event "Titled Tuesday Blitz April 11 Early 2023"]
[White "Lohani, Sujana"]
[Black "Zaichenko, Daria"]
[WhiteFideId "12311987"]
[BlackFideId "4197453"]
[WhiteElo "1718"]
[BlackElo "2039"]
[Result "0-1"]
[Round "09"]
[TimeControl "180+2"]
[Date "2023.04.11"]
[WhiteClock "0:00:02"]
[BlackClock "0:00:57"]

1. d4 d5 2. Nf3 Nf6 3. c4 e6 4. g3 Be7 5. Bg2 O-O 6. O-O dxc4 7. Ne5 Nc6 8. Nxc6 bxc6 9. Bxc6 Rb8 10. e3 Nd5 11. Qc2 Ba6 12. Nc3 Nb4 13. Qa4 Qd6 14. Bg2 Nd3 15. Ne4 Qb6 16. Rb1 Bb5 17. Qc2 Nb4 18. Qd1 Nxa2 19. Nc3 Nxc3 20. bxc3 Rfd8 21. Qc2 a5 22. Bd2 a4 23. e4 a3 24. Ra1 Qa6 25. Rfb1 Ba4 26. Qc1 Bb3 27. Bf1 a2 28. Rb2 Ba3 29. Raxa2 Bxa2 30. Rxb8 Rxb8 31. Qa1 Bb2 0-1


[Site "https://www.chess.com"]

[Event "Titled Tuesday Blitz April 11 Early 2023"]
[White "babbilator"]
[Black "Semenova, Alina"]
[BlackFideId "24113875"]
[WhiteElo "2253"]
[BlackElo "1833"]
[Result "1-0"]
[Round "09"]
[TimeControl "180+2"]
[Date "2023.04.11"]
[WhiteClock "0:00:56"]
[BlackClock "0:00:40"]

1. e4 Nf6 2. e5 Nd5 3. Nc3 Nxc3 4. bxc3 d6 5. f4 Nc6 6. d4 dxe5 7. fxe5 Bf5 8. Rb1 b6 9. Qf3 Bd7 10. Bb5 Na5 11. Bxd7+ Kxd7 12. Qxf7 Qe8 13. Qd5+ Kc8 14. Qxa8+ Kd7 15. Qxe8+ Kxe8 16. Nf3 e6 17. O-O h6 18. Nh4 c5 19. Ng6 Rg8 20. Rxf8+ Rxf8 21. Nxf8 Kxf8 22. dxc5 bxc5 23. Rb8+ Kf7 24. Ra8 Nc6 25. Bf4 g5 26. Bg3 h5 27. Rc8 Ne7 28. Rxc5 h4 29. Bf2 Nf5 30. Rc7+ Kg6 31. Rxa7 g4 32. Ra6 Kf7 33. g3 h3 34. a4 Ke7 35. Ra7+ Kd8 36. a5 Kc8 37. a6 Kb8 38. Rf7 Kc8 39. a7 Nh6 40. a8=Q# 1-0


[Site "https://www.chess.com"]

[Event "Titled Tuesday Blitz April 11 Early 2023"]
[White "Rian, Kapriaga"]
[Black "Lenaerts, Lennert"]
[WhiteFideId "7103263"]
[BlackFideId "211435"]
[WhiteElo "2290"]
[BlackElo "2334"]
[Result "0-1"]
[Round "09"]
[TimeControl "180+2"]
[Date "2023.04.11"]
[WhiteClock "0:00:05"]
[BlackClock "0:01:55"]

1. d4 d5 2. Nf3 Nf6 3. Bf4 c5 4. e3 e6 5. Nbd2 Bd6 6. Bg3 O-O 7. c3 b6 8. Bb5 Bb7 9. O-O Ne4 10. Nxe4 dxe4 11. Nd2 Bxg3 12. hxg3 Nd7 13. b4 a5 14. a3 Nf6 15. bxc5 bxc5 16. Rb1 Qc7 17. Nb3 cxd4 18. cxd4 Bd5 19. Nc5 e5 20. Qd2 Rfd8 21. Rfc1 Qe7 22. dxe5 Qxe5 23. Qb2 Qf5 24. Be2 h5 25. Rd1 Ng4 26. Bxg4 hxg4 27. Qb6 Qh5 28. Na4 Rac8 29. Qxa5 Rd6 30. Rb5 Rh6 31. Kf1 Bc4+ 32. Ke1 Qxb5 0-1


[Site "https://www.chess.com"]

[Event "Titled Tuesday Blitz April 11 Early 2023"]
[White "Carrasco Miranda, Andres"]
[Black "Jiganchine, Roman"]
[WhiteFideId "3405990"]
[BlackFideId "2603667"]
[WhiteElo "2183"]
[BlackElo "2263"]
[Result "1/2-1/2"]
[Round "09"]
[TimeControl "180+2"]
[Date "2023.04.11"]
[WhiteClock "0:00:17"]
[BlackClock "0:00:12"]

1. d4 d5 2. c4 e6 3. Nf3 Nf6 4. g3 Bd6 5. Bg2 h6 6. O-O O-O 7. Nc3 Nc6 8. b3 dxc4 9. bxc4 e5 10. Rb1 exd4 11. Nxd4 Nxd4 12. Qxd4 Qe7 13. Bxb7 Bc5 14. Qd3 Bxb7 15. Rxb7 Rad8 16. Nd5 Nxd5 17. cxd5 Bb6 18. e4 Rfe8 19. Re1 Qb4 20. Bd2 Bxf2+ 21. Kxf2 Qxb7 22. Rb1 Qc8 23. Bf4 c6 24. d6 Qe6 25. Rd1 Qxe4 26. Qxe4 Rxe4 27. Be3 Rd7 28. Rd2 a5 29. Kf3 f5 30. h4 Kf7 31. Bf4 Ke6 32. Rc2 Ra4 33. Re2+ Kf7 34. h5 Ra3+ 35. Kf2 Ra4 36. Kf3 Rxf4+ 37. Kxf4 Rxd6 38. Kxf5 Rd5+ 39. Kg4 Rg5+ 40. Kh4 c5 41. Rb2 c4 42. Rb7+ Kg8 43. Rc7 Rd5 44. Rxc4 Rd2 45. Ra4 Rd5 46. g4 Kf7 47. Kg3 Ke6 48. Kf4 Kd6 49. Ke4 Rg5 50. Kf4 Kc6 51. Re4 Kb5 52. a4+ Kc5 53. Re7 Kb4 54. Re4+ Kb3 55. Rd4 Ka3 56. Re4 Kb3 57. Rd4 Ka3 58. Re4 Kb3 1/2-1/2


[Site "https://www.chess.com"]

[Event "Titled Tuesday Blitz April 11 Early 2023"]
[White "Kornyukov, Alexey"]
[Black "Ciuffoletti, Paolo"]
[WhiteFideId "4150457"]
[BlackFideId "807630"]
[WhiteElo "2352"]
[BlackElo "2143"]
[Result "0-1"]
[Round "09"]
[TimeControl "180+2"]
[Date "2023.04.11"]
[WhiteClock "0:00:34"]
[BlackClock "0:00:27"]

1. e4 c5 2. c3 d5 3. exd5 Qxd5 4. d4 Nc6 5. Nf3 Nf6 6. Be2 e6 7. O-O Be7 8. c4 Qd8 9. dxc5 Qxd1 10. Rxd1 Bxc5 11. Nc3 O-O 12. h3 b6 13. Nb5 Bb7 14. Bg5 Rfd8 15. Bxf6 gxf6 16. a3 a6 17. Nc3 Nd4 18. Nxd4 Bxd4 19. Rd3 Bxc3 20. Rxc3 Rd2 21. Rg3+ Kf8 22. Bd3 f5 23. h4 Rd8 24. Bb1 Rd1+ 25. Kh2 Be4 26. Bxe4 Rxa1 27. Bb7 Rdd1 28. Rb3 f4 29. Rxb6 Rh1# 0-1


[Site "https://www.chess.com"]

[Event "Titled Tuesday Blitz April 11 Early 2023"]
[White "Torres Hernandez, Leslie Carolin"]
[Black "Golubev, Mikhail"]
[WhiteFideId "8400504"]
[BlackFideId "14100983"]
[WhiteElo "1920"]
[BlackElo "2374"]
[Result "0-1"]
[Round "09"]
[TimeControl "180+2"]
[Date "2023.04.11"]
[WhiteClock "0:00:34"]
[BlackClock "0:00:32"]

1. e4 g6 2. d4 Bg7 3. Nc3 d6 4. Be3 c6 5. h3 Nd7 6. Nf3 b5 7. a4 b4 8. Ne2 Ngf6 9. Ng3 O-O 10. Bd3 c5 11. dxc5 Nxc5 12. O-O Bb7 13. e5 Nd5 14. Bxc5 dxc5 15. e6 f5 16. Ra2 Nf4 17. Re1 Qd5 18. b3 Nxd3 19. cxd3 Rad8 20. Qc1 Qxb3 21. Rc2 Bxf3 22. gxf3 Rxd3 23. Rxc5 Rxf3 24. Kg2 Bd4 25. Rc2 Bxf2 26. Rxf2 Rxg3+ 27. Kf1 Rxh3 28. Qc7 Rh1+ 29. Ke2 Qxe6+ 30. Kf3 Rxe1 0-1


[Site "https://www.chess.com"]

[Event "Titled Tuesday Blitz April 11 Early 2023"]
[White "Cupid, Kevin"]
[Black "Larina, Maria"]
[WhiteFideId "7700512"]
[BlackFideId "24113182"]
[WhiteElo "2124"]
[BlackElo "1848"]
[Result "1-0"]
[Round "09"]
[TimeControl "180+2"]
[Date "2023.04.11"]
[WhiteClock "0:00:17"]
[BlackClock "0:00:06"]

1. d4 f5 2. e4 fxe4 3. Nc3 Nf6 4. Bg5 Nc6 5. d5 Ne5 6. Qd4 Nf7 7. Bh4 c6 8. O-O-O Qb6 9. Bxf6 gxf6 10. Qxe4 Qxf2 11. Nh3 Bh6+ 12. Kb1 Qe3 13. Qh4 Bg5 14. Qh5 d6 15. Bc4 Qc5 16. Bb3 O-O 17. Ne4 Qa5 18. Nexg5 fxg5 19. Nxg5 Nxg5 20. Qxg5+ Kh8 21. Qxe7 Bg4 22. Rdf1 Qd8 23. Qxb7 c5 24. h3 Be2 25. Re1 Bh5 26. Re7 Bg6 27. Rd7 Qf6 28. a4 a5 29. Qc7 Rab8 30. Qxd6 Qxd6 31. Rxd6 Rxb3 32. Rxg6 Rxb2+ 33. Kxb2 hxg6 34. Kc3 Rf5 35. Kc4 Rf2 36. c3 Rxg2 37. d6 Rd2 38. Kxc5 Kg7 39. Re1 Kf6 40. c4 Rd3 41. Kc6 Rd4 42. c5 Rxa4 43. Rd1 Ke6 44. d7 1-0


[Site "https://www.chess.com"]

[Event "Titled Tuesday Blitz April 11 Early 2023"]
[White "Vifleemskaia, Svetlana"]
[Black "Sankalan Shah"]
[WhiteFideId "4129490"]
[BlackFideId "25600362"]
[WhiteElo "1930"]
[BlackElo "2118"]
[Result "0-1"]
[Round "09"]
[TimeControl "180+2"]
[Date "2023.04.11"]
[WhiteClock "0:00:03"]
[BlackClock "0:00:08"]

1. d4 Nf6 2. c4 e6 3. Nc3 Bb4 4. e3 b6 5. Ne2 c5 6. a3 Ba5 7. Rb1 Na6 8. g3 Bb7 9. d5 exd5 10. Bg2 O-O 11. O-O Bxc3 12. Nxc3 Nc7 13. cxd5 d6 14. a4 a6 15. b4 Rb8 16. bxc5 bxc5 17. e4 Re8 18. Bf4 Qd7 19. Rb6 Na8 20. Rxd6 Qe7 21. a5 g6 22. e5 Nh5 23. Qg4 Bc8 24. Qf3 Rb3 25. Rc1 Nc7 26. Qe4 Bf5 27. Qc4 Reb8 28. Rb6 R3xb6 29. axb6 Nb5 30. Nxb5 axb5 31. Qxb5 Nxf4 32. gxf4 Qh4 33. Qc4 Qg4 34. Kh1 Rxb6 35. h3 Qh4 36. Qxc5 Rb2 37. Kg1 Qxf4 38. Qc4 Qxe5 0-1


[Site "https://www.chess.com"]

[Event "Titled Tuesday Blitz April 11 Early 2023"]
[White "Prohorov, Olexandr"]
[Black "Ambrogi, Agustin"]
[WhiteFideId "14105578"]
[BlackFideId "170933"]
[WhiteElo "1966"]
[BlackElo "2214"]
[Result "0-1"]
[Round "09"]
[TimeControl "180+2"]
[Date "2023.04.11"]
[WhiteClock "0:00:01"]
[BlackClock "0:00:16"]

1. g3 h5 2. h4 d5 3. Bg2 c6 4. b3 Nf6 5. Bb2 Bg4 6. Nh3 Nbd7 7. Ng5 e6 8. d3 Bc5 9. Nd2 Qb6 10. O-O Nh7 11. Nxh7 Rxh7 12. Qe1 O-O-O 13. a4 g5 14. a5 Qc7 15. a6 b5 16. d4 Bb6 17. f3 Bf5 18. e4 Bg6 19. f4 gxh4 20. gxh4 dxe4 21. Nxe4 Bxe4 22. Qxe4 Rg7 23. Kf2 Rdg8 24. Bh1 Nf6 25. Qxc6 Qxc6 26. Bxc6 Rg4 27. Ke2 Rxh4 28. c4 bxc4 29. bxc4 Rgg4 30. f5 e5 31. c5 Bc7 32. dxe5 Ne4 33. e6 Rg2+ 34. Ke3 fxe6 35. fxe6 Rg3+ 36. Rf3 Rxf3+ 37. Kxf3 Ng5+ 38. Ke3 Rh3+ 39. Kf2 Rh2+ 40. Ke3 Nxe6 41. Bb7+ Kb8 42. Bf6 Nxc5 0-1


[Site "https://www.chess.com"]

[Event "Titled Tuesday Blitz April 11 Early 2023"]
[White "Winkels, Marcel"]
[Black "Burdalev, Kirill"]
[WhiteFideId "1003887"]
[BlackFideId "14121913"]
[WhiteElo "1900"]
[BlackElo "2236"]
[Result "0-1"]
[Round "09"]
[TimeControl "180+2"]
[Date "2023.04.11"]
[WhiteClock "0:00:16"]
[BlackClock "0:00:07"]

1. d4 Nf6 2. Nc3 d5 3. Bf4 a6 4. e3 c5 5. Nf3 cxd4 6. exd4 Bg4 7. Be2 Nc6 8. O-O e6 9. Ne5 Bxe2 10. Nxe2 Rc8 11. c3 Bd6 12. Nxc6 Rxc6 13. Bxd6 Qxd6 14. Ng3 O-O 15. f4 g6 16. Qe2 b5 17. a3 Rfc8 18. Qe5 Nd7 19. Qe3 Nb6 20. f5 exf5 21. Qg5 f6 22. Qh6 Qf8 23. Qf4 Re8 24. Rae1 Rce6 25. Rxe6 Rxe6 26. Qc7 Qe7 27. Qb8+ Kg7 28. h3 Qd6 29. Qxd6 Rxd6 30. Re1 Kf7 31. Nf1 Re6 32. Ne3 Nc4 33. Kf2 Nxe3 34. Rxe3 Rxe3 35. Kxe3 g5 36. g3 h5 37. b3 Ke6 38. Kf3 a5 39. Ke3 a4 40. b4 Kd6 41. Kf3 g4+ 42. hxg4 fxg4+ 43. Kf4 Ke6 44. Ke3 Kf5 45. Kd3 Kg5 46. Ke3 f5 47. Kf2 f4 48. Kg2 fxg3 49. Kxg3 h4+ 50. Kg2 Kf4 51. Kf2 g3+ 52. Kg2 Kg4 53. Kg1 h3 54. Kf1 Kf4 55. Kg1 Ke4 56. Kf1 Kd3 57. c4 Kxc4 58. Ke2 Kxd4 59. Kf3 h2 60. Kg2 Kc3 0-1


[Site "https://www.chess.com"]

[Event "Titled Tuesday Blitz April 11 Early 2023"]
[White "Clawitter, Craig"]
[Black "dDobravcan"]
[WhiteFideId "2023105"]
[WhiteElo "2246"]
[BlackElo "2145"]
[Result "1-0"]
[Round "09"]
[TimeControl "180+2"]
[Date "2023.04.11"]
[WhiteClock "0:00:06"]
[BlackClock "0:00:02"]

1. e4 d6 2. d4 Nf6 3. Nc3 c6 4. Be3 Qb6 5. Rb1 Ng4 6. Bc1 e5 7. Nf3 Be7 8. h3 Nf6 9. Bc4 exd4 10. Nxd4 O-O 11. O-O Qc7 12. Bf4 b5 13. Bd3 b4 14. Nce2 a6 15. Ng3 Re8 16. Qd2 c5 17. Ndf5 Bf8 18. Bc4 Be6 19. Bxe6 Rxe6 20. Rfe1 Nc6 21. Rbd1 Rd8 22. f3 g6 23. Ne3 Nd4 24. c3 bxc3 25. bxc3 Nc6 26. Bg5 Rde8 27. Bxf6 Rxf6 28. Nd5 Qd8 29. Nxf6+ Qxf6 30. Nf1 Ne5 31. Ne3 h5 32. Nd5 Qh4 33. Qf2 Qd8 34. Ne3 c4 35. Qe2 Nd3 36. Nxc4 Nxe1 37. Rxe1 Qc7 38. Ne3 Qxc3 39. Nd5 Qc5+ 40. Qf2 Bg7 41. Qxc5 dxc5 42. Kf1 Rb8 43. Rc1 Bd4 44. Rc2 Rb1+ 45. Ke2 Kg7 46. Kd3 Rd1+ 47. Kc4 h4 48. Nc3 Rg1 49. Na4 Kf6 50. Nxc5 Ke5 51. Nd3+ Kf6 52. Kxd4 Rd1 53. Ke3 Ra1 54. Nc5 Ke7 55. Nxa6 f5 56. Nb4 Rb1 57. Nd5+ Kd6 58. a4 Ra1 59. Nb6 fxe4 60. fxe4 Ra3+ 61. Kd4 1-0


[Site "https://www.chess.com"]

[Event "Titled Tuesday Blitz April 11 Early 2023"]
[White "Rosh Jain"]
[Black "Vargas, Mauricio"]
[WhiteFideId "25789465"]
[BlackFideId "4404572"]
[WhiteElo "2233"]
[BlackElo "1998"]
[Result "0-1"]
[Round "09"]
[TimeControl "180+2"]
[Date "2023.04.11"]
[WhiteClock "0:00:01"]
[BlackClock "0:00:23"]

1. e4 c6 2. Nc3 d5 3. Nf3 dxe4 4. Nxe4 Nf6 5. Qe2 Nxe4 6. Qxe4 Qd5 7. d3 Bf5 8. Qf4 Nd7 9. Be2 e6 10. O-O Bd6 11. Qg5 f6 12. Qe3 O-O 13. c4 Qa5 14. Bd2 Qc7 15. Bc3 Rae8 16. d4 Bf4 17. Ba5 b6 18. Bxb6 axb6 19. Qc3 e5 20. dxe5 Bxe5 21. Qd2 Bf4 22. Qd1 Ne5 23. Ne1 Rd8 24. Qb3 Be6 25. g3 Bh6 26. Ng2 b5 27. f4 Qb6+ 0-1


[Site "https://www.chess.com"]